 Dungeon Crawl Stone Soup version 0.21.1-1-g345015f (webtiles) character file.

5514 vatarom the Agent of Entropy (level 10, 0/114 HPs)
             Began as a Demonspawn Abyssal Knight on Apr 20, 2018.
             Was a Priest of Lugonu.
             Succumbed to an orc wizard's poison
             ... on level 8 of the Dungeon.
             The game lasted 00:27:20 (9596 turns).

vatarom the Agent of Entropy (DsAK)                 Turns: 9596, Time: 00:27:21

Health: 0/114      AC: 15    Str: 21    XL:     10   Next: 43%
Magic:  14/18      EV: 11    Int: 13    God:    Lugonu [***...]
Gold:   385        SH:  0    Dex: 13    Spells: 9/9 levels left

rFire    . . .     SeeInvis .   a - +2 falchion
rCold    . . .     Gourm    .   (no shield)
rNeg     . . .     Faith    .   f - +1 scale mail (curse)
rPois    +         Spirit   .   m - +2 helmet
rElec    .         Reflect  .   (no cloak)
rCorr    .         Harm     +   (no gloves)
MR       .....                  y - +0 pair of boots
Stlth    ..........             D - amulet of harm
HPRegen  0.29/turn              h - ring of loudness (curse)
MPRegen  0.16/turn              z - ring of poison resistance

@: mighty, berserking, lethally poisoned (0 -> -8), hasted, very quick
A: talons 2, iridescent scales 1, nightstalker 1, sense surroundings 1
a: Depart the Abyss, Bend Space, Banish, Renounce Religion


You were on level 8 of the Dungeon.
You worshipped Lugonu.
Lugonu was most pleased with you.
You were not hungry.

You visited 2 branches of the dungeon, and saw 10 of its levels.
You visited the Abyss 1 time.
You also visited: Ossuary.

You collected 385 gold pieces.

Inventory:

Hand Weapons
 a - a +2 falchion (weapon)
Missiles
 i - 4 javelins (quivered)
Armour
 f - a cursed +1 scale mail (worn)
 m - a +2 helmet (worn)
 y - a +0 pair of boots (worn)
Jewellery
 d - a +3 amulet of reflection
 h - a cursed ring of loudness (left hand)
 s - an uncursed ring of resist corrosion
 u - an uncursed ring of protection from fire
 z - a ring of poison resistance (right hand)
 C - an uncursed ring of fire
 D - an amulet of harm (around neck)
 E - an uncursed ring of see invisible
Wands
 r - a wand of paralysis (10)
 B - a wand of digging (13)
Scrolls
 b - a scroll of fog
 g - 4 scrolls of teleportation
 j - 3 scrolls of immolation
 n - a scroll of torment
 t - a scroll of fear
 v - 2 scrolls of enchant armour
 A - 3 scrolls of magic mapping
 F - 3 scrolls of amnesia
Potions
 e - a potion of might
 l - a potion of flight
 o - 2 potions of magic
 p - 4 potions of brilliance
 w - 3 potions of agility
 x - a potion of resistance
Books
 k - a book of Maledictions

   Spells                             Type                      Level
   a - Corona                         Hexes                        1
   b - Ensorcelled Hibernation        Hexes/Ice                    2
   c - Confuse                        Hexes                        3
   d - Tukima's Dance                 Hexes                        3
   e - Dazzling Spray                 Conjuration/Hexes            3
Comestibles
 c - 10 rations
 G - 3 chunks of flesh


   Skills:
 * Level 5.7 Fighting
 + Level 8.0 Long Blades
 - Level 7.7 Armour
 * Level 3.4 Dodging
 + Level 10.9 Invocations


You had 9 spell levels left.
You didn't know any spells.

Dungeon Overview and Level Annotations

Branches:
Dungeon (9/15)             Temple (1/1) D:6
   Lair: D:8-11         Orc: D:9-12

Altars:
Ashenzari
Cheibriados
Dithmenos
Fedhas
Gozag
Hepliaklqana
Kikubaaqudgha
Makhleb
Nemelex Xobeh
Okawaru
Qazlal
Ru
Sif Muna
Trog
Uskayaw
Vehumet
Wu Jian
Xom
Yredelemnul
Zin
The Shining One

Shops:
D:6 (   D:8 *

Annotations:
Abyss:1 Dowan, Duvessa, Joseph, Pikel


Innate Abilities, Weirdness & Mutations

You have razor-sharp toenails.
You are partially covered in iridescent scales. (AC +2)
You are slightly more attuned to the shadows.
You passively map a small area around you.


Message History

* * * LOW HITPOINT WARNING * * *
You feel sick.
The killer bee stings you but does no damage.
You climb upwards.
* * * LOW HITPOINT WARNING * * *
You feel sick.
There is a stone staircase leading down here.
Okay, then.
You feel very mighty all of a sudden.
* * * LOW HITPOINT WARNING * * *
You feel sick. The killer bee barely misses you.
Press: ? - help, Shift-Dir - straight line, f - killer bee
Aim: a killer bee (chance to defeat MR: 91%)
Your attack snaps the killer bee out of its fear.
The killer bee is devoured by a tear in reality.
Lugonu claims a new guest.
You feel somewhat more hungry.
A red film seems to cover your vision as you go berserk!
You feel yourself moving faster!
You feel mighty!
You die...

.....####.....)........<......#.#
...#.# #<....................#.#
.....# #.....................#.#
.....####...........#.###.###.#.#
.......(............#.# #.#...#.#
.....####...........#.# #.#.###..
.....# #...........#.# #.#.#####
.....# #......[....#.# #.#....[.
.##### #.......@.[.#.# #.#######
.# #....[.§§.).#.###........ .#
#.....§§§.).........##### .#
#.############..>...# .# #)#
#......# .# #.# #......# ## #.#
#......# ##'############......#
#≈.≈≈≈≈≈≈≈≈≈≈#.......#


There were no monsters in sight!

Vanquished Creatures
  A hippogriff (D:7)
  Grinder (D:3)
  A wyvern (D:8)
  A black bear (D:6)
  2 ice beasts
  3 sky beasts
  A necrophage (D:8)
  5 ogres
  2 centaurs
  A crocodile (D:9)
  2 bullfrogs
  4 scorpions
  4 killer bees (D:8)
  7 howler monkeys
  2 crimson imps (D:6)
  4 bullfrog zombies
  2 centaur skeletons
  2 centaur zombies
  3 hounds
  A jelly (D:7)
  A bullfrog skeleton (D:8)
  A gnoll shaman (D:4)
  3 orc priests
  An iguana (D:6)
  6 orc wizards
  Terence (D:2)
  Natasha (thrice) (D:4)
  6 worker ants
  A killer bee zombie (Ossuary)
  9 mummies (Ossuary)
  4 worker ant zombies
  A howler monkey zombie (Ossuary)
  A howler monkey skeleton (D:4)
  3 gnolls (D:4)
  13 adders
  A shadow imp (D:7)
  5 oozes
  3 adder zombies (Ossuary)
  2 adder skeletons
  2 worms
  4 leopard geckos
  21 orcs
  A ball python (D:1)
  8 bats
  7 giant cockroaches
  6 goblins
  8 hobgoblins
  5 jackals (D:1)
  8 kobolds
  5 quokkas
  11 frilled lizards
  3 goblin zombies (D:7)
  4 hobgoblin zombies (D:7)
  A kobold skeleton (D:7)
  A kobold zombie (D:7)
  A leopard gecko skeleton (D:3)
  2 leopard gecko zombies (Ossuary)
  An orc skeleton (D:7)
  2 quokka skeletons
  11 rats
226 creatures vanquished.

Vanquished Creatures (others)
  The ghost of Tiareth the Magician, a novice DETm of Kikubaaqudgha (D:8)
  The ghost of Verendum the Cudgeler, a novice GrAK of Lugonu (D:6)
  A hippogriff (D:7)
  A spriggan (D:7)
  An ice beast (D:8)
  2 orc warriors (D:7)
  A killer bee (D:8)
  An orc priest (D:7)
  2 orc wizards
  A mummy (Ossuary)
  3 withered plants (Ossuary)
15 creatures vanquished.

Grand Total: 241 creatures vanquished

Notes
Turn   | Place    | Note
-------+----------+-------------------------------------------
     0 | Abyss:1  | vatarom the Demonspawn Abyssal Knight began the quest for the Orb.
     0 | Abyss:1  | Reached XP level 1. HP: 18/18 MP: 2/2
    21 | D:1      | Escaped the Abyss
   182 | D:1      | Gained mutation: You are partially covered in iridescent scales. (AC +2) [demonic ancestry]
   182 | D:1      | Reached XP level 2. HP: 24/24 MP: 4/4
   344 | D:1      | Reached skill level 3 in Invocations
   449 | D:1      | Reached ** piety under Lugonu
   529 | D:1      | Reached XP level 3. HP: 22/29 MP: 5/5
   882 | D:2      | Gained mutation: You have sharp toenails. [potion of mutation]
   882 | D:2      | Gained mutation: You passively map a small area around you. [potion of mutation]
  1102 | D:2      | Noticed Terence
  1505 | D:2      | Reached skill level 4 in Invocations
  1511 | D:2      | Reached XP level 4. HP: 16/35 MP: 5/7
  1699 | D:2      | Killed Terence
  2395 | D:3      | Noticed Grinder
  2397 | D:3      | Reached *** piety under Lugonu
  2419 | D:3      | Killed Grinder
  2419 | D:3      | Reached skill level 6 in Invocations
  2419 | D:3      | Mutation became permanent: You have sharp toenails. [demonic ancestry]
  2419 | D:3      | Gained mutation: You have sharp toenails. [demonic ancestry]
  2419 | D:3      | Reached XP level 5. HP: 36/41 MP: 7/9
  2419 | D:3      | Gained mutation: You are slightly more attuned to the shadows. [demonic ancestry]
  2419 | D:3      | Reached XP level 6. HP: 41/47 MP: 7/10
  2825 | D:4      | Reached skill level 5 in Long Blades
  2949 | D:4      | Reached skill level 7 in Invocations
  2949 | D:4      | Reached XP level 7. HP: 41/52 MP: 12/12
  3030 | D:4      | Found a sand-covered staircase.
  3073 | Ossuary  | Entered an ossuary
  3948 | D:4      | Reached **** piety under Lugonu
  4059 | D:4      | Noticed Natasha
  4067 | D:4      | Killed Natasha
  4067 | D:4      | Reached XP level 8. HP: 46/58 MP: 13/13
  4098 | D:4      | Noticed Natasha
  4104 | D:4      | Killed Natasha
  4238 | D:4      | Noticed Natasha
  4242 | D:4      | Killed Natasha
  4373 | D:5      | Entered Level 5 of the Dungeon
  4428 | D:5      | Reached skill level 8 in Invocations
  4819 | D:5      | Noticed Duvessa
  4820 | D:5      | Noticed Dowan
  4842 | D:5      | Banished Duvessa
  4842 | D:5      | Reached skill level 5 in Armour
  4849 | D:5      | Banished Dowan
  5599 | D:6      | Reached skill level 9 in Invocations
  5748 | D:6      | Noticed Pikel
  5758 | D:6      | Banished Pikel
  5758 | D:6      | Gained mutation: You have razor-sharp toenails. [demonic ancestry]
  5758 | D:6      | Reached XP level 9. HP: 51/63 MP: 15/15
  5837 | D:6      | Found a staircase to the Ecumenical Temple.
  5886 | Temple   | Entered the Ecumenical Temple
  6151 | D:6      | Found Piapnosm's Weapon Emporium.
  6270 | D:6      | Noticed Verendum's ghost (novice GrAK)
  6302 | D:6      | Banished Verendum's ghost
  6586 | D:7      | Reached skill level 10 in Invocations
  7582 | D:7      | Found a glowing golden altar of the Shining One.
  7889 | D:7      | Reached skill level 1 in Dodging
  8059 | D:8      | Reached XP level 10. HP: 73/73 MP: 17/17
  8135 | D:8      | Noticed Joseph
  8139 | D:8      | Banished Joseph
  8163 | D:8      | HP: 2/73 [ice beast (14)]
  8745 | D:8      | Reached skill level 5 in Fighting
  9112 | D:8      | Found Zubeburch's General Store.
  9123 | D:8      | Noticed Tiareth's ghost (novice DETm)
  9125 | D:8      | Banished Tiareth's ghost
  9592 | D:9      | HP: 3/76 [poisoned by an orc wizard]
  9593 | D:8      | HP: 1/76 [poisoned by an orc wizard]
  9596 | D:8      | Succumbed to an orc wizard's poison

Skill      XL: |  1  2  3  4  5  6  7  8  9 10 |
---------------+-------------------------------+-----
Long Blades    | 2 3 4 5 6 7 8 |  8.0
Invocations    | 3 4 6 7 9 10 | 10.9
Armour         | 2 4 6 7 |  7.7
Fighting       | 4 5 |  5.7
Dodging        | 1 3 |  3.4

Action                   |  1- 3 |  4- 6 |  7- 9 | 10-12 || total
-------------------------+-------+-------+-------+-------++-------
Melee: Falchion          |   143 |   129 |   744 |   205 ||  1221
       Kick              |     8 |    31 |    89 |       ||   128
Invok: Bend Space        |     1 |       |       |       ||     1
       Banish            |       |       |    11 |     6 ||    17
Evoke: Wand              |       |     6 |    10 |    10 ||    26
  Use: Scroll            |     5 |     2 |    14 |     3 ||    24
       Potion            |     6 |     3 |     9 |     4 ||    22
 Stab: Paralysed         |       |    17 |    14 |    18 ||    49
  Eat: Chunk             |     2 |     4 |     9 |     1 ||    16
       Ration            |       |       |     4 |     2 ||     6
Armor: Leather armour    |    57 |     6 |       |       ||    63
       Scale mail        |       |    53 |   385 |   119 ||   557
       Skin              |       |       |    42 |       ||    42
Dodge: Dodged            |   118 |    62 |   306 |    86 ||   572
       Rpst.: Falchion   |    40 |    24 |   100 |    27 ||   191
